 Dungeon Crawl Stone Soup version 0.24-a0-613-g1ff6aac338 (webtiles) character file.

Game seed: 1272413871110212047, levelgen mode: deterministic

468 Jorund the Chopper (level 6, 0/47 HPs)
             Began as a Demonspawn Gladiator on Sept 12, 2019.
             Slain by a worker ant (6 damage)
             ... on level 4 of the Dungeon.
             The game lasted 00:07:22 (3333 turns).

Jorund the Chopper (Demonspawn Gladiator)           Turns: 3333, Time: 00:07:23

Health: 0/47       AC:  6    Str: 14      XL:     6   Next: 81%
Magic:  6/6        EV: 11    Int: 11      God:
Gold:   215        SH:  0    Dex: 13 (15) Spells: 5/5 levels left

rFire    + . .     SeeInvis .   a - +0 war axe
rCold    + . .     Gourm    .   (no shield)
rNeg     + . .     Faith    .   g - +0 ring mail
rPois    +         Spirit   .   c - +0 helmet
rElec    +         Reflect  .   o - scarf {cloud immunity}
rCorr    +         Harm     .   (no gloves)
MR       .....                  (no boots)
Stlth    +++.......             (no amulet)
HPRegen  0.15/turn              w - ring of positive energy
MPRegen  0.10/turn              (no ring)

@: resistant, hasted, very quick
A: foul stench 1, nightstalker 2, rot immunity
a: no special abilities


You were on level 4 of the Dungeon.
You were hungry.

You visited 1 branch of the dungeon, and saw 5 of its levels.

You collected 215 gold pieces.

Inventory:

Hand Weapons
 a - a +0 war axe (weapon)
 j - a +2 whip of electrocution
 x - a +0 whip of venom
Missiles
 p - 7 poisoned darts (quivered)
Armour
 c - a +0 helmet (worn)
 g - a +0 ring mail (worn)
 i - a +0 scale mail
 o - a scarf of cloud immunity (worn)
 u - a +2 robe of cold resistance
Jewellery
 w - a ring of positive energy (left hand)
Wands
 y - a wand of random effects (14)
Scrolls
 b - a scroll of enchant armour {unknown}
 e - 3 scrolls of identify
 k - a scroll of fear
 l - 3 scrolls of teleportation {unknown}
 m - a scroll of enchant weapon {unknown}
 n - a scroll of remove curse {unknown}
 q - 2 scrolls of immolation
 s - a scroll of random uselessness {unknown}
Potions
 h - a potion of agility
 v - 2 potions of brilliance
Comestibles
 f - 5 rations
 z - 5 chunks of flesh


   Skills:
 + Level 3.4 Fighting
 + Level 5.6 Axes
 + Level 1.9 Throwing
 + Level 2.9 Armour
 - Level 2.6 Dodging


You had 5 spell levels left.
You didn't know any spells.
Your spell library contained the following spells:

 Spells                   Type           Power        Failure   Level  Hunger
 Confusing Touch          Hex            #.....       56%         1    ##.....
 Confuse                  Hex            #.......     91%         3    ####...
 Gell's Gravitas          Tloc           #.........   91%         3    ####...
 Petrify                  Tmut/Erth      #.......     100%        4    #####..
 Metabolic Englaciation   Hex/Ice        #.........   100%        5    ######.
 Yara's Violent Unravell  Hex/Tmut       #.........   100%        5    ######.


Dungeon Overview and Level Annotations

Branches:
Dungeon (5/15)
 Temple: D:4-7

Altars:
Uskayaw
Wu Jian
The Shining One

Annotations:
D:5 Sigmund


Innate Abilities, Weirdness & Mutations

You may emit foul miasma when damaged in melee.
You are significantly more attuned to the shadows.
You are immune to rotting.


Message History

Found four items.
Found a scroll labeled PANIUB VUME.
The iguana hisses angrily.
You hit the iguana.
The iguana is moderately wounded.
The iguana bites you!
* * * LOW HITPOINT WARNING * * *
You hit the iguana but do no damage.
The iguana is moderately wounded.
The iguana bites you.
* * * LOW HITPOINT WARNING * * *
The iguana looks sick.
Unknown command.
It was a potion of resistance.
You feel protected.
The iguana bites you but does no damage.
The worker ant bites you but does no damage.
It was a potion of haste.
You feel yourself speed up. The iguana barely misses you.
The worker ant bites you.
You die...

...........
...........
......?....
............
.....l......
.....@......
..#.?a.....#
............
#.......!...
............
............
.....?......
.....%.....#
...........


You could see an iguana and a worker ant.

Vanquished Creatures
  2 ice beasts (D:5)
  A crimson imp (D:5)
  A hound (D:5)
  An orc priest (D:3)
  Crazy Yiuf (D:5)
  A worker ant (D:3)
  4 gnolls
  3 adders
  An ooze (D:2)
  A dart slug (D:3)
  2 leopard geckos
  7 orcs (D:3)
  2 ball pythons
  3 giant cockroaches
  6 goblins
  7 hobgoblins
  2 jackals (D:3)
  9 kobolds
  3 quokkas
  10 bats
  2 frilled lizards (D:3)
  A jackal zombie (D:2)
  5 rats
75 creatures vanquished.

Notes
Turn   | Place    | Note
-------+----------+-------------------------------------------
     0 | D:1      | Jorund the Demonspawn Gladiator began the quest for the
                  | Orb.
     0 | D:1      | Reached XP level 1. HP: 16/16 MP: 1/1
   146 | D:1      | Reached skill level 3 in Axes
   283 | D:1      | Gained mutation: You are immune to rotting. [demonic
                  | ancestry]
   283 | D:1      | Reached XP level 2. HP: 17/22 MP: 2/2
   304 | D:1      | Found a glowing golden altar of the Shining One.
   850 | D:2      | Gained mutation: You may emit foul miasma when damaged in
                  | melee. [demonic ancestry]
   850 | D:2      | Reached XP level 3. HP: 17/27 MP: 3/3
  1483 | D:3      | Reached skill level 1 in Armour
  1641 | D:3      | Reached skill level 4 in Axes
  1641 | D:3      | Reached XP level 4. HP: 19/34 MP: 4/4
  2671 | D:3      | Gained mutation: You are slightly more attuned to the
                  | shadows. [demonic ancestry]
  2671 | D:3      | Reached XP level 5. HP: 21/39 MP: 5/5
  3044 | D:3      | You fall into a shaft and drop 2 floors!
  3044 | D:5      | Entered Level 5 of the Dungeon
  3052 | D:5      | Noticed an ice beast
  3068 | D:5      | Killed an ice beast
  3068 | D:5      | Reached skill level 5 in Axes
  3068 | D:5      | Gained mutation: You are significantly more attuned to the
                  | shadows. [demonic ancestry]
  3068 | D:5      | Reached XP level 6. HP: 46/46 MP: 6/6
  3081 | D:5      | Found a hide-covered altar of Uskayaw.
  3164 | D:5      | Found a runed translucent door.
  3166 | D:5      | Noticed Crazy Yiuf
  3176 | D:5      | Killed Crazy Yiuf
  3234 | D:5      | Found an ornate altar of the Wu Jian Council.
  3255 | D:5      | Noticed an ice beast
  3257 | D:5      | Noticed Sigmund
  3267 | D:5      | Killed an ice beast
  3333 | D:4      | Slain by a worker ant

Levels and vault maps discovered:
D:1:      minmay_arrival_stone_box, layout_basic, tso_altar
D:2:      layout_loops_ring, first_ration
D:3:      layout_basic, st_stairs_5
D:4:      layout_rooms, nicolae_overflow_hidden_temple,
          chequers_temple_overflow_statue_of_worship
D:5:      layout_basic, old_standard_altar, fiery_altar_vehumet, basic_altar,
          uniq_sigmund, uniq_crazy_yiuf_cottage

Skill      XL: |  1  2  3  4  5  6 |
---------------+-------------------+-----
Axes           | 3 4 5 |  5.6
Armour         | 1 2 |  2.9
Fighting       | 3 |  3.4
Throwing       | |  1.9
Dodging        | |  2.6

Action                   |  1- 3 |  4- 6 || total
-------------------------+-------+-------++-------
Melee: War axe           |   130 |   113 ||   243
Throw: Throwing net      |       |     3 ||     3
       Dart              |       |     1 ||     1
Evoke: Wand              |       |     1 ||     1
  Use: Potion            |       |     7 ||     7
       Scroll            |       |     2 ||     2
 Stab: Held in net/web   |       |     3 ||     3
       Sleeping          |       |     3 ||     3
  Eat: Chunk             |     1 |     3 ||     4
       Ration            |       |     1 ||     1
Armor: Ring mail         |    60 |    45 ||   105
Dodge: Dodged            |   112 |    73 ||   185

Table legend:
 A = Non-vault XP
 B = Vault XP
 C = Vault XP percentage of total XP
 D = Non-vault monster count
 E = Vault monster count
 F = Vault count percentage of total count
                 A         B        C        D         E       F
            +---------+---------+-------+---------+---------+-------
      Total |     628 |      41 |   6.1 |      70 |       5 |   6.7
            +---------+---------+-------+---------+---------+-------
        D:1 |      32 |       0 |   0.0 |      21 |       0 |   0.0
        D:2 |      61 |       2 |   3.2 |      13 |       1 |   7.1
        D:3 |     183 |       4 |   2.1 |      30 |       3 |   9.1
        D:5 |     352 |      35 |   9.0 |       6 |       1 |  14.3
            +---------+---------+-------+---------+---------+-------
